Unix NetHack Version 5.0.0-0 post-release - last build Jul 14 2026 02:55:29 (1809b74e8187c3a3585e283601c3028b46cbbdcb,branch:main).

Game began 2026-07-15 20:30:07, ended 2026-07-15 20:34:21.

Brudee, chaotic female human Rogue

     ---
    |..--
   --...|                       -----
   -.*.--             ..----   --..%.
   .--..-            --......-#-...--
     --.h.           |...--.).*..).|
      |.@-------------..- --.----..|.
     --0.).......^.|.0.--        -...
    --.......---.).)....         ....
    |......    |........         ....
  ---...|..    --.--..-          ......
  |.....|..        |..           ..)....
 --.........                     ---).%.....
 |.........-                       -.--...<..--
 |........--                          |.).....|
 --.......|                            ......--
  ---.....-
    ----...
        -..
        ---
Brudee the Cutpurse     St:15 Dx:18 Co:16 In:9 Wi:11 Ch:6  Chaotic S:421
Dlvl:3  $:21 HP:0(24) Pw:9(9) AC:5  Xp:3/70 T:559 

Latest messages:
 With great effort you move the boulder.
 A crossbow bolt misses you.
 You are hit by a crossbow bolt.
 You see here a crossbow bolt.
 You hit the gnome lord.
 In what direction? l
 You throw 2 daggers.
 The 1st dagger hits the gnome lord.
 The 2nd dagger hits the gnome lord.
 The gnome lord swings his thonged club.
 The gnome lord misses!
 You hit the gnome lord.
 The gnome lord swings his thonged club.
 The gnome lord hits!
 You see here a crossbow bolt.
 In what direction? l
 The dagger hits it.
 In what direction? l
 You throw 2 daggers.
 The 1st dagger hits it.
 The 2nd dagger hits it.
 You kill it!
 u - 2 +0 daggers (at the ready) (4 in total).
 You learn more about your items by comparing them.
 u - 4 +0 daggers (at the ready) (8 in total).
 There are several more objects here.
 y - a crossbow.
 You materialize in a different location!
 You see here a crossbow bolt.
 You hear rumbling in the distance.
 With great effort you move the boulder.
 You see here a hard hat.
 z - a hard hat.
 You are hit by a dagger.
 It is missed.
 You are hit by a rock.
 You are carrying too much to get through.
 You see here a rock.
 You kill the newt!
 The hobbit swings his sling.
 The hobbit hits!
 The hobbit swings his sling.
 The hobbit hits!
 In what direction? k
 The dagger hits the hobbit.
 The hobbit swings his sling.
 The hobbit hits!
 You die...
 Do you want your possessions identified? [ynq] (y) y
 Do you want to see your attributes? [ynq] (y) q

Inventory:
 Coins    ('$')
  $ - 21 gold pieces
 Weapons  (')')
  y - a +0 crossbow
  b - a +0 dagger (weapon in right hand)
  u - 7 +0 daggers (at the ready)
  a - a +0 short sword (alternate weapon; not wielded)
 Armor    ('[')
  z - an uncursed +0 dwarvish iron helm
  v - an uncursed +0 pair of iron shoes
  k - an uncursed +0 Hawaiian shirt with an orchid motif
  c - an uncursed +3 leather armor (being worn)
 Comestibles  ('%')
  n - 2 uncursed food rations
 Spellbooks  ('+')
  m - an uncursed spellbook of detect monsters
 Potions  ('!')
  s - an uncursed potion of blindness
  l - an uncursed potion of confusion
  o - an uncursed potion of gain energy
  r - an uncursed potion of hallucination
  i - an uncursed potion of healing
  d - 2 uncursed potions of sickness
 Wands    ('/')
  t - a wand of magic missile (0:7)
 Tools    ('(')
  f - an empty uncursed sack
  g - an uncursed blindfold
  e - an uncursed lock pick
  w - a +0 pick-axe
 Gems/Stones  ('*')
  x - an uncursed worthless piece of yellow glass

Brudee the Rogue's attributes:

Background:
 You were a Cutpurse, a level 3 female human Rogue.
 You were chaotic, on a mission for Kos
 who was opposed by Issek (lawful) and Mog (neutral).
 You were right-handed.
 You were in the Gnomish Mines, on level 3.
 You entered the dungeon 559 turns ago.
 There was a new moon in effect when your adventure ended.
 You had 70 experience points, 10 more were needed to attain level 4.
 Your score was 421 before end-of-game adjustments.

Basics:
 You had 0 out of 24 hit points.
 You had all 9 energy points (spell power).
 Your armor class was 5.
 Your wallet contained 21 zorkmids.
 Autopickup was on for '$!=+?/"' plus thrown.

Final Characteristics:
 Your strength was 15 (limit:18/100).
 Your dexterity was 18 (limit:18).
 Your constitution was 16 (limit:18).
 Your intelligence was 9 (limit:18).
 Your wisdom was 11 (limit:18).
 Your charisma was 6 (limit:18).

Final Status:
 You weren't hungry.
 You were unencumbered.
 You were wielding a dagger.
 You had basic skill with dagger.

Final Attributes:
 You were fervently aligned.
 You were stealthy.
 You were warded.
 You are dead.

Miscellaneous:
 You didn't encounter any bones levels.
 Total elapsed playing time was 4 minutes and 12 seconds.

Major events:
 Turn
    1: Brudee the chaotic female human Rogue entered the dungeon
  373: entered the Gnomish Mines
  420: attained the rank of Cutpurse (level 3)
  559: killed by a hobbit

Spells:
 Name                 Level Category     Fail Retention
 detect monsters        1   divination    53%  76%-100%

Skills:
 Fighting Skills
   bare handed combat [Unskilled]
   two weapon combat  [Unskilled]
   riding             [Unskilled]
 Weapon Skills
   dagger             [Basic]
   knife              [Unskilled]
   short sword        [Basic]
   broadsword         [Unskilled]
   long sword         [Unskilled]
   two-handed sword   [Unskilled]
   saber              [Unskilled]
   club               [Unskilled]
   mace               [Unskilled]
   morning star       [Unskilled]
   flail              [Unskilled]
   hammer             [Unskilled]
   polearms           [Unskilled]
   spear              [Unskilled]
   crossbow           [Unskilled]
   dart               [Unskilled]
   shuriken           [Unskilled]
 Spellcasting Skills
   divination spells  [Unskilled]
   escape spells      [Unskilled]
   matter spells      [Unskilled]

Voluntary challenges:
 Character rerolling was not enabled.
 You followed a strict vegan diet.
 You were an atheist.
 You never genocided any monsters.
 You never polymorphed an object.
 You never changed form.
 You used no wishes.
Achievements:
 You entered the Gnomish Mines.
 You attained the rank of Cutpurse.

 The Dungeons of Doom: levels 1 to 2
    Level 1:
    Level 2:
       Stairs down to The Gnomish Mines.
 The Gnomish Mines:
    Level 3: <- You were here.
       Final resting place for
          you, killed by a hobbit.


Vanquished creatures:
  a gnome leader
  a little dog
  2 dwarves
  a hobbit
  7 gnomes
  a fox
  3 grid bugs
  2 lichens
  3 newts
21 creatures vanquished.

No species were genocided or became extinct.

Game over:
                       ----------
                      /          \
                     /    REST    \
                    /      IN      \
                   /     PEACE      \
                  /                  \
                  |      Brudee      |
                  |      21 Au       |
                  |   killed by a    |
                  |      hobbit      |
                  |                  |
                  |                  |
                  |       2026       |
                 *|     *  *  *      | *
        _________)/\\_//(\/(/\)/\//\/|_)_______

Goodbye Brudee the Rogue...

You died in The Gnomish Mines on dungeon level 3 with 419 points,
and 21 pieces of gold, after 559 moves.
You were level 3 with a maximum of 24 hit points when you died.

